[Event "Titled Tuesday Blitz May 24 Early 2022"]
[White "Dimitrov, Atanas"]
[Black "Perez Rodriguez, Jennifer"]
[WhiteFideId "2901315"]
[BlackFideId "3507831"]
[WhiteElo "2670"]
[BlackElo "2170"]
[Result "1-0"]
[Round "09"]
[TimeControl "180+1"]
[Date "2022.05.25"]
[WhiteClock "0:03:00"]
[BlackClock "0:02:58"]

1. Nf3 Nf6 2. c4 c5 3. g3 b6 4. Bg2 Bb7 5. O-O e6 6. Nc3 Be7 7. b3 O-O 8. Bb2 d6 9. d4 cxd4 10. Nxd4 Nbd7 11. Bxb7 1-0


[Site "https://www.chess.com"]

[Event "Titled Tuesday Blitz May 24 Early 2022"]
[White "Djokic, Mihailo"]
[Black "Bryakin, Mikhail"]
[WhiteFideId "976440"]
[BlackFideId "4165314"]
[WhiteElo "2202"]
[BlackElo "2417"]
[Result "1-0"]
[Round "09"]
[TimeControl "180+1"]
[Date "2022.05.24"]
[WhiteClock "0:00:06"]
[BlackClock "0:00:04"]

1. e4 e5 2. Nf3 d5 3. Nxe5 dxe4 4. d4 Be6 5. Nc3 Nf6 6. Bc4 Bxc4 7. Nxc4 Be7 8. O-O O-O 9. a3 Nc6 10. d5 b5 11. dxc6 bxc4 12. Qe2 Qd4 13. Be3 Qe5 14. Qxc4 Bd6 15. g3 Qh5 16. Nxe4 Ng4 17. h4 Nxe3 18. fxe3 Be5 19. c3 Rad8 20. Rf2 Qg6 21. Kg2 Kh8 22. Raf1 f5 23. Ng5 h6 24. Qe6 Rf6 25. Qxe5 hxg5 26. h5 Qf7 27. Rxf5 Rd2+ 28. Kg1 Qxh5 29. R5f2 Rdxf2 30. Rxf2 Rh6 31. Rf8+ Kh7 32. Qe4+ Rg6 33. Qh1 Qxh1+ 34. Kxh1 Rxc6 35. Ra8 Rb6 36. b4 Rc6 37. Rxa7 Rxc3 38. e4 Rxg3 39. a4 Rb3 40. b5 Rb4 41. e5 Re4 42. Rxc7 Rxa4 43. b6 Rb4 44. b7 Kg6 45. e6 Kf6 46. e7 Rb1+ 47. Kg2 Rb2+ 48. Kf3 Rb3+ 49. Ke4 Rb1 50. Kd5 Kf7 51. Rc8 Kxe7 52. b8=Q Rxb8 53. Rxb8 Kf6 54. Ke4 Kg6 55. Kf3 Kh5 56. Kg3 1-0


[Site "https://www.chess.com"]

[Event "Titled Tuesday Blitz May 24 Early 2022"]
[White "Dmitrenko, Viktor"]
[Black "Makhnev, Denis"]
[WhiteFideId "14110270"]
[BlackFideId "13707647"]
[WhiteElo "2218"]
[BlackElo "2501"]
[Result "0-1"]
[Round "09"]
[TimeControl "180+1"]
[Date "2022.05.24"]
[WhiteClock "0:00:03"]
[BlackClock "0:00:03"]

1. d4 Nf6 2. c4 e6 3. Nc3 Bb4 4. e3 O-O 5. Ne2 c6 6. a3 Ba5 7. g3 d5 8. c5 Bxc3+ 9. Nxc3 b6 10. b4 a5 11. Bd2 Ba6 12. Bxa6 Nxa6 13. Na4 bxc5 14. bxc5 e5 15. O-O Re8 16. Nb6 Ra7 17. f3 Nc7 18. a4 h5 19. Kg2 Nd7 20. Bc3 exd4 21. exd4 Ne6 22. Rb1 h4 23. Qd2 Qf6 24. Rfe1 Qg6 25. Nxd7 Rxd7 26. Bxa5 Ra7 27. Bc3 Rxa4 28. Ra1 Rc4 29. Kh3 Rb8 30. Re5 f6 31. Re3 Qf5+ 32. Kg2 h3+ 33. Kf2 Ng5 34. Qd3 Qxd3 35. Rxd3 Rb3 36. Rc1 Ra3 37. Ke3 Ra2 38. Bd2 Rxc1 39. Bxc1 Rxh2 40. Rd1 Rg2 0-1


[Site "https://www.chess.com"]

[Event "Titled Tuesday Blitz May 24 Early 2022"]
[White "Dobre, Claudiu-Cristian"]
[Black "Ramirez Vido, Robert Yorisan"]
[WhiteFideId "1211854"]
[BlackFideId "3513823"]
[WhiteElo "2207"]
[BlackElo "2361"]
[Result "0-1"]
[Round "09"]
[TimeControl "180+1"]
[Date "2022.05.25"]
[WhiteClock "0:00:14"]
[BlackClock "0:00:10"]

1. c4 g6 2. Nf3 Nf6 3. Nc3 Bg7 4. d4 O-O 5. e4 d6 6. Be2 Na6 7. O-O e5 8. dxe5 dxe5 9. Be3 c6 10. h3 Qe7 11. Qc1 Rd8 12. Nd2 Nc5 13. Qc2 Ne6 14. Rfc1 Nd4 15. Qd1 Nd7 16. Na4 Nf8 17. c5 Nfe6 18. b4 Nf4 19. Bf1 Qg5 20. Kh2 Qh6 21. Nf3 Be6 22. Nxd4 exd4 23. Bd2 Be5 24. Kh1 g5 25. Bxf4 Bxf4 26. Rc2 g4 27. Bd3 gxh3 28. g3 Be5 29. Kh2 Qf6 30. f4 Bxf4 31. Rf2 Bxg3+ 32. Kxg3 Qe5+ 33. Rf4 Kh8 34. Qf3 Rg8+ 35. Kh2 Rg2+ 36. Kh1 Rd2 37. Bf1 h5 38. Rf6 Qh2# 0-1


[Site "https://www.chess.com"]

[Event "Titled Tuesday Blitz May 24 Early 2022"]
[White "Ezat, Mohamed"]
[Black "Cherniaiev, Tykhon"]
[WhiteFideId "10600906"]
[BlackFideId "14182360"]
[WhiteElo "2386"]
[BlackElo "2289"]
[Result "0-1"]
[Round "09"]
[TimeControl "180+1"]
[Date "2022.05.24"]
[WhiteClock "0:00:13"]
[BlackClock "0:00:46"]

1. d4 Nf6 2. Nf3 e6 3. e3 c5 4. Bd3 Nc6 5. O-O d5 6. b3 Bd6 7. Bb2 O-O 8. Nbd2 Re8 9. Ne5 cxd4 10. exd4 Bxe5 11. dxe5 Nd7 12. Nf3 Nc5 13. Qe2 Nxd3 14. Qxd3 Bd7 15. Nd4 Nxe5 16. Qg3 Ng6 17. Nf3 Rc8 18. Rac1 Qc7 19. Ne5 Red8 20. h4 f6 21. Nxd7 Rxd7 22. h5 Qxg3 23. fxg3 Ne7 24. h6 Nf5 25. hxg7 Rxg7 26. c4 dxc4 27. bxc4 Rxg3 28. Bxf6 Kf7 29. Be5 Rg4 30. Bf4 Rcg8 31. Rc2 h5 32. c5 h4 33. Kh2 Rc8 34. Kh3 Rgg8 35. Be5 Rgd8 36. Rf3 Rd5 37. Re2 Rcxc5 38. Bf4 Nd4 39. Be3+ Nxf3 40. Bxc5 Ng5+ 0-1


[Site "https://www.chess.com"]

[Event "Titled Tuesday Blitz May 24 Early 2022"]
[White "Fernandez Barrera, Victor"]
[Black "Sanchez, Robert"]
[WhiteFideId "2261529"]
[BlackFideId "2034360"]
[WhiteElo "2189"]
[BlackElo "2281"]
[Result "1-0"]
[Round "09"]
[TimeControl "180+1"]
[Date "2022.05.25"]
[WhiteClock "0:01:19"]
[BlackClock "0:00:14"]

1. c4 Nf6 2. Nf3 c6 3. d4 d5 4. e3 g6 5. b3 Bg7 6. Bb2 O-O 7. Nbd2 Bg4 8. Qc2 e6 9. Bd3 Nbd7 10. Ne5 Nxe5 11. dxe5 Nd7 12. f4 Nc5 13. Be2 Bxe2 14. Kxe2 f6 15. exf6 Bxf6 16. b4 Nd7 17. Rhe1 Qe7 18. Kf1 Rae8 19. Kg1 Qxb4 20. Bxf6 Nxf6 21. Rab1 Qe7 22. Nf3 Ne4 23. Ne5 Rd8 24. Qb2 Qc5 25. Qxb7 Rxf4 26. Qxc6 Rf6 27. cxd5 exd5 28. Qxc5 Nxc5 29. Rec1 Re6 30. Ng4 Ne4 31. Rc7 Rb6 32. Rf1 Rf8 33. Nh6+ 1-0


[Site "https://www.chess.com"]

[Event "Titled Tuesday Blitz May 24 Early 2022"]
[White "Ferreira, Vitor Hugo Vieira"]
[Black "Rahman, Adel"]
[WhiteFideId "2119765"]
[BlackFideId "14204177"]
[WhiteElo "2165"]
[BlackElo "2175"]
[Result "1-0"]
[Round "09"]
[TimeControl "180+1"]
[Date "2022.05.25"]
[WhiteClock "0:00:03"]
[BlackClock "0:00:22"]

1. e4 c5 2. Nf3 Nc6 3. d4 cxd4 4. Nxd4 Nf6 5. Nc3 e5 6. Ndb5 d6 7. Bg5 a6 8. Na3 b5 9. Nd5 Be7 10. Bxf6 Bxf6 11. c4 b4 12. Nc2 O-O 13. g3 a5 14. Bg2 Bg5 15. O-O Be6 16. b3 Qb8 17. Qd3 Bd8 18. Rad1 Bb6 19. Kh1 Bc5 20. f3 a4 21. f4 f6 22. f5 Bf7 23. g4 h6 24. h4 axb3 25. axb3 Ra2 26. g5 hxg5 27. hxg5 fxg5 28. f6 Bh5 29. Ne7+ Nxe7 30. fxe7 Re8 31. Qd5+ Kh7 32. Bf3 Qc8 33. Kg2 Rxc2+ 34. Kg3 g4 35. Bg2 Rxe7 36. Rf5 g6 37. Rh1 Kg7 38. Rhxh5 gxh5 39. Rg5+ Kh6 40. Rg8 Bf2+ 41. Kh2 g3+ 42. Kh1 Rc1+ 43. Bf1 Rxf1+ 44. Kg2 Rg1+ 45. Kf3 Re8 46. Qxd6+ Kh7 47. Qg6# 1-0


[Site "https://www.chess.com"]

[Event "Titled Tuesday Blitz May 24 Early 2022"]
[White "Fromm, Marius"]
[Black "Zavgorodniy, Sergiy"]
[WhiteFideId "12993190"]
[BlackFideId "14110148"]
[WhiteElo "2537"]
[BlackElo "2420"]
[Result "0-1"]
[Round "09"]
[TimeControl "180+1"]
[Date "2022.05.25"]
[WhiteClock "0:00:01"]
[BlackClock "0:00:33"]

1. e4 e5 2. Nf3 d6 3. d4 exd4 4. Nxd4 Nf6 5. Nc3 Be7 6. Bf4 O-O 7. Qd2 c6 8. O-O-O b5 9. f3 b4 10. Nce2 c5 11. Nf5 Bxf5 12. exf5 d5 13. g4 d4 14. Ng3 Nd5 15. Kb1 Nd7 16. h4 Qa5 17. Ka1 N7b6 18. g5 c4 19. f6 c3 20. Qc1 b3 21. cxb3 Bb4 22. Ne2 Rfc8 23. bxc3 Nxc3 24. Nxc3 Bxc3+ 25. Kb1 Nd5 26. Bd3 Bb4 27. Qb2 Nxf4 28. Qxd4 Nxd3 29. Rxd3 Rd8 30. Qe4 Rxd3 31. Qxd3 Rd8 32. Qc4 Qf5+ 33. Ka1 Bd6 34. Rc1 Be5+ 0-1


[Site "https://www.chess.com"]

[Event "Titled Tuesday Blitz May 24 Early 2022"]
[White "Gabrielian, Artur"]
[Black "Pranav, V"]
[WhiteFideId "4131002"]
[BlackFideId "25060783"]
[WhiteElo "2440"]
[BlackElo "2349"]
[Result "0-1"]
[Round "09"]
[TimeControl "180+1"]
[Date "2022.05.24"]
[WhiteClock "0:00:12"]
[BlackClock "0:00:55"]

1. e4 e5 2. Nf3 Nc6 3. Bc4 Nf6 4. d3 d6 5. Ng5 Bg4 6. f3 Bh5 7. O-O h6 8. Nh3 g5 9. Nf2 Rg8 10. g4 Bg6 11. h3 Be7 12. Nc3 h5 13. Nd5 Nxd5 14. Bxd5 Nd4 15. c3 Ne6 16. Bxb7 Rb8 17. Bc6+ Kf8 18. b4 Nf4 19. Be3 Kg7 20. d4 Bf6 21. d5 Rh8 22. Bxf4 gxf4 23. Kg2 Bh4 24. Rh1 Bxf2 25. Kxf2 Qh4+ 26. Ke2 a5 27. b5 hxg4 28. hxg4 Qg3 29. Qg1 Rxh1 30. Qxg3 Rxa1 31. Qh4 a4 32. Qe7 Rxa2+ 33. Kd3 Rh8 34. Qxc7 Rh3 35. Qxd6 Rxf3+ 36. Kc4 Rc2 37. Qxe5+ Kh7 38. b6 a3 39. b7 a2 40. b8=Q Rcxc3+ 41. Qxc3 Rxc3+ 42. Kxc3 a1=Q+ 43. Qb2 Qe1+ 44. Qd2 Qxe4 45. Bb5 Qe5+ 46. Kb4 Qd6+ 47. Kc3 Qc5+ 48. Bc4 Qa5+ 0-1


[Site "https://www.chess.com"]

[Event "Titled Tuesday Blitz May 24 Early 2022"]
[White "Gaehwiler, Gabriel"]
[Black "Poltorak, Sebastian"]
[WhiteFideId "1314530"]
[BlackFideId "1199498"]
[WhiteElo "2383"]
[BlackElo "2066"]
[Result "1/2-1/2"]
[Round "09"]
[TimeControl "180+1"]
[Date "2022.05.24"]
[WhiteClock "0:00:20"]
[BlackClock "0:00:08"]

1. Nf3 Nf6 2. c4 c5 3. b3 g6 4. Bb2 Bg7 5. g3 O-O 6. Bg2 Nc6 7. O-O d5 8. cxd5 Nxd5 9. Qc1 Bxb2 10. Qxb2 Bg4 11. Rc1 b6 12. d3 Rc8 13. Nbd2 Qd7 14. Ne5 Nxe5 15. Qxe5 Be6 16. a3 f6 17. Qb2 Rfd8 18. b4 cxb4 19. axb4 Rxc1+ 20. Rxc1 Qb5 21. Rb1 Rc8 22. Nc4 a5 23. bxa5 Qxb2 24. Rxb2 bxa5 25. f4 a4 26. Rb7 Nc3 27. Nb6 Rd8 28. Nxa4 Nxa4 29. Rxe7 Bf7 30. Bf3 Nc3 31. Kf2 Nb5 32. Rb7 Nd4 33. Bg2 Ne6 34. Rb5 Nc7 35. Rc5 Ne8 36. Rc6 Kg7 37. Rb6 f5 38. Bf3 Nf6 39. Rb7 Rd7 40. Rxd7 Nxd7 41. e4 Kf6 42. Ke3 Ke6 43. Bd1 Ke7 44. Kd4 Kd6 45. e5+ Ke7 46. Ba4 Nb6 47. Bc6 Nd7 48. Ke3 Nf8 49. d4 Be8 50. Bf3 Ke6 51. d5+ Ke7 52. Kd4 Nd7 53. d6+ Kd8 54. Bd5 Nf8 55. Kc5 Bd7 56. Bc4 Ne6+ 57. Kd5 Nf8 58. Kd4 Ne6+ 59. Kd5 Nf8 60. Kd4 Be6 61. Bb5 Nd7 62. Bc6 Kc8 63. Bf3 Kd8 64. Bc6 Nf8 65. Bb5 Bd7 66. Bc4 1/2-1/2


[Site "https://www.chess.com"]

[Event "Titled Tuesday Blitz May 24 Early 2022"]
[White "Gallego Alcaraz, Andres Felipe"]
[Black "Mestnikov, Aisen"]
[WhiteFideId "4402669"]
[BlackFideId "34130117"]
[WhiteElo "2340"]
[BlackElo "2027"]
[Result "1-0"]
[Round "09"]
[TimeControl "180+1"]
[Date "2022.05.25"]
[WhiteClock "0:00:59"]
[BlackClock "0:00:03"]

1. d4 Nf6 2. c4 g6 3. Nf3 Bg7 4. Nc3 d5 5. h4 c6 6. cxd5 cxd5 7. Bf4 O-O 8. e3 Bf5 9. Ne5 Nc6 10. Be2 Be6 11. Qb3 Qb6 12. Qxb6 axb6 13. Rc1 Rfc8 14. h5 Ne4 15. Nxe4 Nxe5 16. Nc3 Nc4 17. b3 Na5 18. Kd2 Nc6 19. hxg6 hxg6 20. Bd3 Nb4 21. Bb1 Bf5 22. Bxf5 gxf5 23. a4 e6 24. Nb5 Nc6 25. Nd6 Rcb8 26. Nxf5 exf5 27. Bxb8 Rxb8 28. Rh5 f4 29. Rxd5 fxe3+ 30. fxe3 Rf8 31. Rd7 Re8 32. Rc3 Bh6 33. Rxb7 Nxd4 34. Rxb6 Nf5 35. Rf6 Bxe3+ 36. Kc2 Nd4+ 37. Kb2 Ne2 38. Rxe3 Rxe3 39. a5 Nd4 40. Rb6 Re2+ 41. Ka3 Nc2+ 42. Ka4 Re4+ 43. b4 Rg4 44. a6 Nd4 45. a7 1-0


[Site "https://www.chess.com"]

[Event "Titled Tuesday Blitz May 24 Early 2022"]
[White "Garriga Cazorla, Pere"]
[Black "Lazavik, Denis"]
[WhiteFideId "32011601"]
[BlackFideId "13515110"]
[WhiteElo "2433"]
[BlackElo "2437"]
[Result "1/2-1/2"]
[Round "09"]
[TimeControl "180+1"]
[Date "2022.05.24"]
[WhiteClock "0:00:21"]
[BlackClock "0:00:33"]

1. d4 Nf6 2. c4 e6 3. Nc3 Bb4 4. e3 O-O 5. Bd3 c5 6. Ne2 d5 7. cxd5 exd5 8. a3 cxd4 9. axb4 dxc3 10. Nxc3 Nc6 11. b5 Ne5 12. Be2 Bg4 13. Bxg4 Nexg4 14. h3 Ne5 15. b3 Ne4 16. Bb2 Qg5 17. O-O Nxc3 18. Bxc3 Ng6 19. Qd4 f6 20. Rfd1 Rfd8 21. Qg4 Qxg4 22. hxg4 a6 23. bxa6 Rxa6 24. Rxa6 bxa6 25. Ra1 Rd6 26. Ra5 Kf7 27. f4 Rb6 28. Bd4 Rxb3 29. Rxa6 Rb7 30. Kf2 Nf8 31. f5 Rd7 32. Kf3 h6 33. Ra8 Nh7 34. Kf4 Rc7 35. Rd8 Rc2 36. Rd7+ Kg8 37. Rd8+ Kf7 38. Rxd5 Rxg2 39. Rd7+ Kg8 40. e4 Ng5 41. e5 fxe5+ 42. Bxe5 Nf7 43. Bd4 Rd2 44. Ke4 Rd1 45. Ra7 Rf1 46. Ra8+ Kh7 47. Ra7 Kg8 48. Ra8+ Kh7 49. Ra7 Kg8 1/2-1/2


[Site "https://www.chess.com"]

[Event "Titled Tuesday Blitz May 24 Early 2022"]
[White "Golubev, Mikhail"]
[Black "Hakemi, Arman"]
[WhiteFideId "14100983"]
[BlackFideId "22520805"]
[WhiteElo "2374"]
[BlackElo "2115"]
[Result "1-0"]
[Round "09"]
[TimeControl "180+1"]
[Date "2022.05.25"]
[WhiteClock "0:00:27"]
[BlackClock "0:00:04"]

1. e4 e5 2. Nf3 Nf6 3. Nc3 Nc6 4. d4 exd4 5. Nxd4 Bb4 6. Nxc6 bxc6 7. Bd3 O-O 8. O-O d5 9. exd5 Bg4 10. f3 Bh5 11. Bg5 Qd6 12. Kh1 Bxc3 13. bxc3 cxd5 14. c4 dxc4 15. Bxc4 Qc6 16. Bb3 Rad8 17. Qc1 Rfe8 18. Qf4 Re2 19. Rae1 Rde8 20. Rxe2 Rxe2 21. Rd1 Qe8 22. h3 Re1+ 23. Rxe1 Qxe1+ 24. Kh2 Qe7 25. Qd4 1-0


[Site "https://www.chess.com"]

[Event "Titled Tuesday Blitz May 24 Early 2022"]
[White "Grischuk, Alexander"]
[Black "Nakamura, Hikaru"]
[WhiteFideId "4126025"]
[BlackFideId "2016192"]
[WhiteElo "2762"]
[BlackElo "2850"]
[Result "1/2-1/2"]
[Round "09"]
[TimeControl "180+1"]
[Date "2022.05.24"]
[WhiteClock "0:00:05"]
[BlackClock "0:00:12"]

1. d4 Nf6 2. c4 e6 3. Nc3 Bb4 4. e3 O-O 5. a3 Bxc3+ 6. bxc3 c5 7. Bd3 Nc6 8. Nf3 d6 9. e4 e5 10. h3 exd4 11. cxd4 Re8 12. O-O Nxe4 13. Re1 f5 14. d5 Nd4 15. Bxe4 Rxe4 16. Rxe4 Nxf3+ 17. Qxf3 fxe4 18. Qxe4 Bd7 19. Rb1 b6 20. Rb3 Qe8 21. Qf4 Qf8 22. Qd2 Re8 23. Bb2 Re7 24. Rg3 Rf7 25. h4 h5 26. Qg5 Qe7 27. Qxe7 Rxe7 28. Rg6 Ba4 29. Rxd6 Kf7 30. Rd8 Re8 31. Rxe8 Bxe8 32. Be5 a6 33. Bc7 b5 34. cxb5 Bxb5 35. Bd6 Bc4 36. Bxc5 Bxd5 37. f3 g6 38. Kf2 Ke6 39. Ke3 Bc6 40. Kf4 Bd5 41. Bb4 Bc6 42. Kg5 Kf7 43. Kf4 Ke6 44. g4 Bb7 45. gxh5 gxh5 46. Bc3 1/2-1/2


[Site "https://www.chess.com"]

[Event "Titled Tuesday Blitz May 24 Early 2022"]
[White "Gurevich, Dmitry"]
[Black "Haas, Michael"]
[WhiteFideId "2000407"]
[BlackFideId "1629514"]
[WhiteElo "2506"]
[BlackElo "1982"]
[Result "1-0"]
[Round "09"]
[TimeControl "180+1"]
[Date "2022.05.25"]
[WhiteClock "0:01:10"]
[BlackClock "0:00:19"]

1. d4 d5 2. c4 dxc4 3. Nf3 Nf6 4. e3 Bg4 5. Bxc4 e6 6. O-O Be7 7. Nc3 O-O 8. Be2 Nbd7 9. Qb3 b6 10. Rd1 Qe8 11. h3 Bh5 12. g4 Bg6 13. Bb5 Qd8 14. Ne5 a6 15. Bc6 Rb8 16. g5 Nxe5 17. dxe5 Nd5 18. e4 Bxg5 19. exd5 Bxc1 20. Raxc1 Qg5+ 21. Kf1 Bh5 22. Ne4 Qf5 23. Re1 Qxh3+ 24. Qxh3 1-0


[Site "https://www.chess.com"]

[Event "Titled Tuesday Blitz May 24 Early 2022"]
[White "Hartikainen, Jarmo"]
[Black "Galiana Fernandez, Adrian"]
[WhiteFideId "503134"]
[BlackFideId "32010150"]
[WhiteElo "2128"]
[BlackElo "2133"]
[Result "0-1"]
[Round "09"]
[TimeControl "180+1"]
[Date "2022.05.25"]
[WhiteClock "0:00:17"]
[BlackClock "0:01:20"]

1. e4 d6 2. d4 Nf6 3. Nc3 e5 4. Nf3 Nbd7 5. Bg5 Be7 6. dxe5 dxe5 7. Be2 c6 8. O-O b5 9. a3 a5 10. h3 O-O 11. Re1 Qc7 12. Bf1 a4 13. Qd2 Re8 14. Rad1 Nf8 15. Bxf6 Bxf6 16. Qd6 Ra7 17. Qxc7 Rxc7 18. Rd2 Ng6 19. g3 Be7 20. Red1 Bc5 21. Rd8 Kf8 22. Kg2 Ke7 23. Rxe8+ Kxe8 24. h4 f6 25. h5 Nf8 26. Nh4 Bg4 27. Be2 Be6 28. f4 Nd7 29. Rd2 exf4 30. gxf4 Be3 31. Rd3 Bxf4 32. Nf5 Kf8 33. Rf3 Bg5 34. Bd3 Ne5 35. Rf1 Rd7 36. Ne2 Nxd3 37. cxd3 Rxd3 38. Ned4 Bxf5 39. Nxf5 Rd2+ 40. Rf2 Rxf2+ 41. Kxf2 Bc1 42. Nd4 Bxb2 43. Nxc6 Bxa3 44. Nd4 Bb2 45. Nxb5 a3 46. Nxa3 Bxa3 47. Kf3 Bd6 48. Kg4 Kf7 49. Kf5 g6+ 50. hxg6+ hxg6+ 51. Kg4 Ke6 0-1


[Site "https://www.chess.com"]

[Event "Titled Tuesday Blitz May 24 Early 2022"]
[White "Hua, Lefong"]
[Black "Gulevich, Artem"]
[WhiteFideId "2602253"]
[BlackFideId "24119580"]
[WhiteElo "2629"]
[BlackElo "2218"]
[Result "1-0"]
[Round "09"]
[TimeControl "180+1"]
[Date "2022.05.25"]
[WhiteClock "0:02:26"]
[BlackClock "0:02:21"]

1. d4 d5 2. c4 c6 3. Nf3 Nf6 4. Nc3 e6 5. e3 Nbd7 6. Qc2 Bd6 7. b3 e5 8. cxd5 cxd5 9. Nb5 Bb8 10. dxe5 Nxe5 11. Nbd4 O-O 12. Be2 Bg4 13. Bb2 Bd6 14. O-O Rc8 15. Qd1 Ne4 16. Nxe5 Bxe2 17. Nxe2 1-0


[Site "https://www.chess.com"]

[Event "Titled Tuesday Blitz May 24 Early 2022"]
[White "Ianov, Viktor"]
[Black "Rustemov, Alexander"]
[WhiteFideId "14102730"]
[BlackFideId "4119002"]
[WhiteElo "2152"]
[BlackElo "2807"]
[Result "0-1"]
[Round "09"]
[TimeControl "180+1"]
[Date "2022.05.25"]
[WhiteClock "0:00:59"]
[BlackClock "0:00:53"]

1. Nf3 d5 2. g3 Nd7 3. Bg2 e5 4. d3 Ngf6 5. O-O Bc5 6. Nbd2 O-O 7. e4 dxe4 8. Nxe4 Nxe4 9. dxe4 Qe7 10. c3 a5 11. a4 Nf6 12. Qe2 b6 13. Re1 Ba6 14. Qc2 Ng4 15. Be3 Nxe3 16. fxe3 Rad8 17. Bf1 Bc8 18. Bc4 g6 19. Bd5 Bh3 20. Rad1 Kg7 21. Kh1 Qf6 22. Ng1 Bg4 23. Rd2 c6 24. Rf2 Qd6 25. Bc4 f5 26. h3 Bh5 27. exf5 gxf5 28. Kh2 f4 29. gxf4 exf4 30. Rg2+ Bg6 31. e4 f3+ 32. e5 fxg2 33. Qxg2 Qd2 0-1


[Site "https://www.chess.com"]

[Event "Titled Tuesday Blitz May 24 Early 2022"]
[White "Itkis, Boris"]
[Black "Domingo Nunez, Ruben"]
[WhiteFideId "1209167"]
[BlackFideId "22245570"]
[WhiteElo "2207"]
[BlackElo "2376"]
[Result "0-1"]
[Round "09"]
[TimeControl "180+1"]
[Date "2022.05.25"]
[WhiteClock "0:02:36"]
[BlackClock "0:02:44"]

1. Nf3 e6 2. b3 b6 3. Bb2 Bb7 4. e3 f5 5. d4 Nf6 6. Nbd2 Be7 7. c4 O-O 8. Be2 c5 9. O-O Qc7 10. Qc2 h6 11. Rac1 d6 12. Bd3 Nc6 13. e4 Nb4 0-1


[Site "https://www.chess.com"]

[Event "Titled Tuesday Blitz May 24 Early 2022"]
[White "Ivanisevic, Ivan"]
[Black "Yang, Kaiqi"]
[WhiteFideId "912417"]
[BlackFideId "8604398"]
[WhiteElo "2495"]
[BlackElo "2373"]
[Result "0-1"]
[Round "09"]
[TimeControl "180+1"]
[Date "2022.05.25"]
[WhiteClock "0:00:21"]
[BlackClock "0:00:08"]

1. d4 e6 2. e4 d5 3. e5 c5 4. c3 Nc6 5. Nf3 Bd7 6. Bd3 cxd4 7. cxd4 Qb6 8. O-O Nxd4 9. Nbd2 Nc6 10. Nb3 Nge7 11. Be3 Qc7 12. Rc1 Ng6 13. Nc5 Ngxe5 14. Nxe5 Qxe5 15. Nxd7 Kxd7 16. Qb3 Qc7 17. g3 Bd6 18. Qa4 h5 19. Kg2 h4 20. Qg4 Be5 21. b4 a6 22. a4 f5 23. Qg6 Raf8 24. b5 axb5 25. axb5 hxg3 26. bxc6+ bxc6 27. hxg3 f4 28. gxf4 Rh6 29. Qg4 Rfh8 30. fxe5 Rh2+ 31. Kf3 Qxe5 32. Qf4 Qh5+ 0-1


[Site "https://www.chess.com"]

[Event "Titled Tuesday Blitz May 24 Early 2022"]
[White "Jakubowska, Anna"]
[Black "Pacheco Lugo, Alejandro Jose"]
[WhiteFideId "1121952"]
[BlackFideId "3903745"]
[WhiteElo "1878"]
[BlackElo "2146"]
[Result "1-0"]
[Round "09"]
[TimeControl "180+1"]
[Date "2022.05.25"]
[WhiteClock "0:00:56"]
[BlackClock "0:01:20"]

1. e4 c5 2. Nc3 d6 3. g3 g6 4. Bg2 Bg7 5. Nh3 Nf6 6. d3 Nc6 7. O-O O-O 8. f4 Rb8 9. f5 b5 10. g4 b4 11. Nb1 Nd7 12. g5 a5 13. Nd2 a4 14. Nc4 Ba6 15. Rb1 b3 16. axb3 axb3 17. c3 Bxc4 18. dxc4 Nde5 19. Nf4 Nxc4 20. Nd5 f6 21. Nf4 Rf7 22. fxg6 hxg6 23. Nxg6 Qd7 24. Nh4 fxg5 25. Rxf7 Kxf7 26. Bxg5 N6e5 27. Qh5+ Kg8 28. Nf5 e6 29. Ne7+ Kf8 30. Rf1+ 1-0


[Site "https://www.chess.com"]

[Event "Titled Tuesday Blitz May 24 Early 2022"]
[White "Jakubowski, Krzysztof"]
[Black "Fernandez Siles, Luis"]
[WhiteFideId "1112848"]
[BlackFideId "2209420"]
[WhiteElo "2365"]
[BlackElo "2212"]
[Result "1-0"]
[Round "09"]
[TimeControl "180+1"]
[Date "2022.05.25"]
[WhiteClock "0:00:08"]
[BlackClock "0:00:02"]

1. e4 c5 2. Nf3 Nc6 3. d4 cxd4 4. Nxd4 Nf6 5. Nc3 e5 6. Ndb5 d6 7. Bg5 a6 8. Na3 b5 9. Nd5 Be7 10. Bxf6 Bxf6 11. c3 O-O 12. Nc2 Rb8 13. h4 Be7 14. a3 a5 15. b4 Be6 16. Nce3 Qd7 17. Bd3 Bd8 18. Qe2 Ne7 19. Nxe7+ Bxe7 20. bxa5 d5 21. exd5 Bxd5 22. Bxh7+ Kxh7 23. Qd3+ Kg8 24. Qxd5 Qc7 25. Qb3 Rfd8 26. a6 Rd3 27. Rc1 b4 28. Nd5 Qc5 29. Nxe7+ Qxe7 30. axb4 e4 31. Qc4 Rbd8 32. O-O Qxh4 33. a7 R3d6 34. g3 Rg6 35. Qc7 Rf8 36. Ra1 e3 37. a8=Q exf2+ 38. Rxf2 Rxg3+ 39. Qxg3 Qxg3+ 40. Qg2 Qxc3 41. Rb1 Qd3 42. Rbf1 Qd4 43. b5 Qc5 44. Qc6 Qg5+ 45. Rg2 Qe3+ 46. Kh2 Qe5+ 47. Rg3 Qh5+ 48. Kg2 Qe2+ 49. Rf2 Qe5 50. b6 Rb8 51. b7 g6 52. Qc8+ Kg7 53. Qd7 Qe4+ 54. Kg1 Qe1+ 55. Kg2 Qe4+ 56. Rgf3 Rxb7 57. Qd3 Qg4+ 58. Rg3 Qe6 59. Qc3+ f6 60. Re3 Qd5+ 61. Ref3 Rf7 62. Rd2 Qg5+ 63. Kf1 Re7 64. Rdf2 Qb5+ 65. Kg2 Qg5+ 66. Rg3 Qd5+ 67. Qf3 Qd6 68. Qg4 g5 69. Qf5 Qc6+ 70. Qf3 Qd6 71. Qd3 Qc6+ 72. Qf3 Qd6 73. Rg4 Ra7 74. Re4 Ra3 75. Re3 Ra4 76. Rd3 Qe5 77. Rd7+ Kg6 78. Qd3+ f5 79. Re2 1-0


[Site "https://www.chess.com"]

[Event "Titled Tuesday Blitz May 24 Early 2022"]
[White "Janaszak, Dawid"]
[Black "Begunov, Konstantin"]
[WhiteFideId "1119206"]
[BlackFideId "4118510"]
[WhiteElo "2199"]
[BlackElo "2262"]
[Result "1-0"]
[Round "09"]
[TimeControl "180+1"]
[Date "2022.05.25"]
[WhiteClock "0:00:41"]
[BlackClock "0:00:01"]

1. e4 c5 2. Nc3 d6 3. f4 Nc6 4. Nf3 g6 5. Bc4 Bg7 6. O-O a6 7. a3 b5 8. Ba2 Nd4 9. d3 Nf6 10. e5 Nd7 11. exd6 exd6 12. Re1+ Kf8 13. Ng5 Nf5 14. Bxf7 Bd4+ 15. Kh1 Nf6 16. Nce4 Ra7 17. Ba2 Re7 18. c3 h6 19. cxd4 hxg5 20. Nxf6 Rxe1+ 21. Qxe1 Qxf6 22. fxg5 Qxd4 23. Bd2 Bd7 24. Bc3 Qh4 25. Bxh8 Qxh8 26. Qf2 Bc6 27. Re1 Qh5 28. Kg1 Qxg5 29. Qe2 1-0


[Site "https://www.chess.com"]

[Event "Titled Tuesday Blitz May 24 Early 2022"]
[White "Johnson, Ben"]
[Black "Gatterer, Florian"]
[WhiteFideId "2010917"]
[BlackFideId "811688"]
[WhiteElo "2207"]
[BlackElo "2218"]
[Result "0-1"]
[Round "09"]
[TimeControl "180+1"]
[Date "2022.05.25"]
[WhiteClock "0:00:03"]
[BlackClock "0:00:19"]

1. Nf3 g6 2. e4 c5 3. d4 cxd4 4. Qxd4 Nf6 5. e5 Nc6 6. Qa4 Nd5 7. c4 Nb6 8. Qc2 Bg7 9. Bf4 O-O 10. Nc3 a5 11. h4 h5 12. O-O-O a4 13. Kb1 a3 14. b3 d6 15. exd6 Bf5 16. Bd3 Nb4 17. Bxf5 Nxc2 18. Kxc2 gxf5 19. dxe7 Qxe7 20. Rhe1 Qb4 21. Rd3 Rfe8 22. Bd6 Qa5 23. Ne5 Bxe5 24. b4 Qa6 25. Bxe5 Nxc4 26. Rg3+ Kh7 27. Bd4 Rg8 28. Nd5 Qa4+ 0-1


[Site "https://www.chess.com"]